Arrhythmia, chaotic female vampiric Convict --------------- ------------ |..............### |.......<...# |.............| ...........|# |>............| # -----%------# |.............|##################### # |.............| # ### # -------.------- ### # # # ##### # ### # #----- #[# # ####### ###+...| # ### #----|--- ##|.... -----.-------- # #|....... ##....| |............-############|......| ----- |............| ####[@####.u.....+ |.........oooo############|......| |............|### #+......| |.............# -------- -------------- Arrhythmia the Jail-bird Experience level: 7 Strength: 16 Dexterity: 12 Constitution: 17 Intelligence: 13 Wisdom: 9 Charisma: 8 Health: 0(69) Energy: 43(43) AC: 4 Gold: 934 Moves: 3663 Your Inventory: Coins $ - 934 gold pieces Armor h - an [uncursed] +0 hooded cloak [dwarvish] (being worn) q - an [uncursed] +0 elven mithril-coat (being worn) E - a cursed -1 pair of hard shoes [iron] (being worn) Scrolls k - an uncursed scroll of stinking cloud n - a cursed scroll of magic mapping u - an uncursed scroll of confuse monster x - a cursed scroll of enchant armor B - an uncursed scroll of light Potions o - a [cursed] potion of blindness t - a [cursed] potion of monster detection D - an uncursed potion of object detection Wands w - a [cursed] wand of striking [0:6] y - an uncursed wand of opening (0:4) z - an uncursed wand of undead turning (0:3) Tools e - an [uncursed] lock pick Spells known in the end: Name Level Category Fail Memory Your skills at the end: Fighting Skills Weapon Skills sling [Basic / Skilled] Spellcasting Skills Final Attributes: You were piously aligned. Hunger level was 479. Your alignment was 27 / 28. Monster difficulty range was 1 - 6. Level difficulty was 6. You were immune to poison. You were immune to level-drain. You were immune to sickness. You saw invisible. You could fly. You could survive without air. You regenerated. Your luck was zero. You are dead. Vanquished creatures: a dwarf lord a human zombie a Woodland-elf a mountain nymph 3 Mordor orcs an Uruk-hai a pony 2 gnome lords 3 elf zombies 2 floating eyes 3 kittens 5 dwarves a rothe a dwarf zombie a wererat 3 iguanas an acid blob 2 coyotes 2 hobbits 3 giant rats a yellow mold 2 red molds 18 gnomes 3 geckos 4 jackals 2 foxes 3 goblins 3 lichens a kobold zombie 6 newts 81 creatures vanquished. Voluntary challenges: You went without food. You never hit with a wielded weapon. You read items or engraved 6 times. You put on armor 7 times. You never genocided any monsters. You never polymorphed an object. You never changed form. You used no wishes. You abstained from Elbereth's help. You encountered 2 bones levels. You never used any Sokoban shortcuts. Dungeon overview: The Dungeons of Doom: levels 1 to 6 Level 1 some fountains a long staircase Level 2 a fountain stairs to The Gnomish Mines Level 3 a fountain Level 4 a sink Level 6 <- You were here The Gnomish Mines: levels 3 to 4 Level 3 stairs to The Dungeons of Doom History has recorded: On T:1 you entered the Dungeons of Doom to retrieve the Amulet of Yendor! On T:101 you reached level 2 of The Dungeons of Doom. On T:135 you advanced to experience level 2. On T:853 you advanced to experience level 3. On T:857 you reached level 1 of The Gnomish Mines. On T:872 you advanced to experience level 4. On T:900 you advanced to experience level 5. On T:1039 you advanced to experience level 6. On T:1311 you reached level 2 of The Gnomish Mines. On T:1566 you reached level 3 of The Dungeons of Doom. On T:1751 you reached level 4 of The Dungeons of Doom. On T:2036 you reached level 5 of The Dungeons of Doom. On T:2164 you advanced to experience level 7. On T:3300 you reached level 6 of The Dungeons of Doom. Latest messages: The white unicorn butts! The white unicorn misses. [HP-3=28] The white unicorn butts! The white unicorn misses. [HP-4=24] The white unicorn butts! The white unicorn kicks! [HP-10=14] The white unicorn butts! The white unicorn kicks! The white unicorn misses. (2x) [HP-3=11] [HP+1=12] The Uruk-hai thrusts his crude short sword. The Uruk-hai just misses! [HP+1=13] [HP+1=14] You hear a nearby zap. The wand hits the Uruk-hai! The Uruk-hai is killed! The wand hits you! You die... Final status: Goodbye Arrhythmia the Convict... You died in The Dungeons of Doom on dungeon level 6 with 3655 points, and 934 pieces of gold, after 3663 moves. You were level 7 with a maximum of 69 hit points when you died.